 Dungeon Crawl Stone Soup version 0.16.1-5-gaa23807 (console) character file.

59 Monkaria the Skirmisher (level 3, 0/33 HPs)
             Began as a Minotaur Skald on Mar 28, 2015.
             Killed by nerve-wracking pain
             ... invoked by Jessica
              (13 damage)
             ... on level 2 of the Dungeon.
             The game lasted 00:01:39 (1166 turns).

Monkaria the Skirmisher (Minotaur Skald)            Turns: 1166, Time: 00:01:39

Health: 0/33       AC:  3    Str: 17    XL:     3   Next: 78%
Magic:  3/3        EV: 11    Int:  9    God:
Gold:   85         SH:  0    Dex:  9    Spells: 1 memorised, 3 levels left

rFire  . . .     SeeInvis .     a - +0 falchion
rCold  . . .     Clarity  .     b - +0 leather armour
rNeg   . . .     SustAb   .     (no shield)
rPois  .         Gourm    .     (helmet restricted)
rElec  .         Spirit   .     (no cloak)
rCorr  .         Warding  .     (no gloves)
rMut   .         Stasis   .     (no boots)
MR     .....                    i - amulet of faith
Stlth  +.........               (no ring)
                                (no ring)

@: not resistant to hostile enchantments, very unstealthy
A: retaliatory headbutt, horns 2
a: no special abilities


You were on level 2 of the Dungeon.
You were not hungry.

You visited 1 branch of the dungeon, and saw 2 of its levels.

You collected 85 gold pieces.

Inventory:

Hand weapons
 a - a +0 falchion (weapon)
Missiles
 h - 13 poisoned needles
Armour
 b - a +0 leather armour (worn)
 k - a +0 chain mail
Jewellery
 i - an amulet of faith (around neck)
Scrolls
 e - a scroll of recharging {unknown}
 g - a scroll of enchant armour {unknown}
 j - a scroll of teleportation {unknown}
Potions
 l - a potion of ambrosia {unknown}
 m - a potion of magic {unknown}
Books
 c - a book of Battle

   Spells                             Type                      Level
   a - Infusion                       Charms                       1
   b - Shroud of Golubria             Charms/Translocation         2
   c - Song of Slaying                Charms                       2
   d - Spectral Weapon                Hexes/Charms                 3
   e - Regeneration                   Charms/Necromancy            3
Comestibles
 d - a bread ration
 f - 2 beef jerkies


   Skills:
 - Level 4.1 Fighting
 + Level 3.8 Long Blades
 - Level 1.2 Armour
 - Level 1.1 Dodging
 - Level 1.3 Spellcasting
 - Level 2.0 Charms


You had 3 spell levels left.
You knew the following spells:

 Your Spells              Type           Power        Failure   Level  Hunger
a - Infusion              Chrm           #.....       21%         1    ##.....


Dungeon Overview and Level Annotations

Branches:
Dungeon (2/15)

Altars:

Annotations:
D:2 Jessica


Innate Abilities, Weirdness & Mutations

You reflexively headbutt those who attack you in melee.
You have a pair of horns on your head.


Message History

You hit the hobgoblin but do no damage.
Jessica casts a spell.
Jessica seems to speed up.
The hobgoblin hits you with a club.
You hit the hobgoblin.
The hobgoblin is heavily wounded.
The hobgoblin hits you with a club.
You completely miss the hobgoblin. Your headbutt misses the hobgoblin.
The hobgoblin is heavily wounded.
Jessica barely misses you. You furiously retaliate!
You headbutt Jessica. The hobgoblin hits you with a club.
You hit Jessica but do no damage.
Jessica is heavily wounded.
Jessica mumbles some strange words.
Jessica blinks!
The hobgoblin hits you but does no damage.
You hit the hobgoblin but do no damage. Your headbutt misses the hobgoblin.
The hobgoblin is heavily wounded.
Jessica casts a spell at you. Pain shoots through your body!
You die...

######## #......# #......#
#......# #......#######..
#.@....##....#.## ..
#......##.##.#.#..
.....###§.....##.#........
........g@................
.####.##......##......#...
........<....##.......##
###.######.##..8...8..## #
#.#...........#
#.#.....8.....#
#.#..<.....>..#
#.#....†8.....#
..#...........#


You could see Jessica and a hobgoblin.

Vanquished Creatures
  2 adders (D:2)
  A worm (D:2)
  2 giant geckos (D:1)
  An ooze (D:1)
  5 hobgoblins (D:1)
  2 jackals (D:1)
  2 quokkas (D:2)
  6 bats
  2 giant newts
  A kobold (D:1)
  10 rats
34 creatures vanquished.

Notes
Turn   | Place    | Note
--------------------------------------------------------------
     0 | D:1      | Monkaria, the Minotaur Skald, began the quest for the Orb.
     0 | D:1      | Reached XP level 1. HP: 18/18 MP: 2/2
   116 | D:1      | Reached skill level 3 in Fighting
   207 | D:1      | Reached XP level 2. HP: 10/26 MP: 2/2
   449 | D:1      | HP: 1/27 [hobgoblin/hand axe (5)]
   499 | D:1      | Reached skill level 4 in Fighting
  1057 | D:2      | Reached XP level 3. HP: 31/33 MP: 3/3
  1161 | D:2      | Noticed Jessica
  1166 | D:2      | Killed from afar by Jessica

Action                   || total
-------------------------++-------
Melee: Falchion          ||    97
  Eat: Chunk             ||     1
